 Dungeon Crawl Stone Soup version 0.30-a0-509-gd016549fea (webtiles) character file.

Game seed: 13742723651192212

6127 greenreed the Zephyrmancer (level 10, -16/51 HPs)
             Began as a Tengu Air Elementalist on Dec 22, 2022.
             Was a Believer of Vehumet.
             Demolished by Snorg (17 damage)
             ... on level 10 of the Dungeon.
             The game lasted 00:22:41 (9281 turns).

greenreed the Zephyrmancer (Tengu Air Elementalist) Turns: 9281, Time: 00:22:41

Health: -16/51     AC:  5    Str: 10    XL:     10   Next: 89%
Magic:  18/25      EV: 14    Int: 19    God:    Vehumet [**....]
Gold:   868        SH:  0    Dex: 14    Spells: 14/29 levels left

rFire   x . .      SeeInvis .    o - staff of air
rCold   . . .      Faith    .    (no shield)
rNeg    + + +      Spirit   .    g - +2 leather armour "Plog" {rF- rN+++ Regen+}
rPois   .          Reflect  .    (helmet restricted)
rElec   +          Harm     .    (no cloak)
rCorr   .          Rampage  .    (no gloves)
Will    .....                    (boots unavailable)
Stlth   ++........               B - amulet of magic regeneration
HPRegen 1.08/turn                p - ring of wizardry
MPRegen 0.59/turn                e - ring of wizardry

@: flying quickly and evasively, quick
A: beak, talons 3, nimble flight
a: Renounce Religion


You were on level 10 of the Dungeon.
You worshipped Vehumet.
Vehumet was pleased with you.
You visited 2 branches of the dungeon, and saw 11 of its levels.

You collected 1561 gold pieces.
You spent 693 gold pieces at shops.

Inventory:

Missiles
 y - 3 throwing nets
Armour
 a - a +0 robe
 g - the +2 leather armour "Plog" (worn) {rF- rN+++ Regen+}
   (You bought it in a shop on level 9 of the Dungeon)

   rF:        It makes you vulnerable to fire.
   rN:        It renders you almost immune to negative energy.
   Regen:     It increases your rate of health regeneration.
Magical Staves
 o - a staff of air (weapon)
Jewellery
 d - an amulet of regeneration
 e - a ring of wizardry (right hand)
 p - a ring of wizardry (left hand)
 v - a ring of protection from cold
 B - an amulet of magic regeneration (around neck)
 F - a ring of positive energy
Wands
 n - a wand of quicksilver (12)
 s - a wand of charming (7)
 x - a wand of flame (10)
 A - a wand of iceblast (7)
Scrolls
 c - 3 scrolls of enchant armour
 f - 7 scrolls of teleportation
 h - a scroll of enchant weapon
 l - 2 scrolls of poison
 t - a scroll of magic mapping
 u - a scroll of vulnerability
 C - 2 scrolls of noise
 E - a scroll of blinking
Potions
 b - 2 potions of magic
 i - 3 potions of heal wounds
 j - 3 potions of lignification
 k - 3 potions of attraction
 m - 3 potions of might
 q - 2 potions of resistance
 r - a potion of haste
 w - 3 potions of curing
 z - a potion of degeneration
 D - a potion of brilliance
 G - 2 potions of berserk rage {unknown}
 H - a potion of mutation {unknown}


   Skills:
 + Level 0.8 Fighting
 + Level 0.3 Armour
 + Level 2.9 Dodging
 + Level 3.3 Stealth
 * Level 10.1 Spellcasting
 + Level 6.8 Conjurations
 + Level 1.5 Summonings
 * Level 13.5 Air Magic


You had 14 spell levels left.
You knew the following spells:

 Your Spells              Type           Power      Damage    Failure   Level
a - Shock                 Conj/Air       100%       1d9       1%          1
b - Static Discharge      Conj/Air       100%       2-7/arc   1%          2
c - Swiftness             Air            75%        N/A       1%          3
d - Airstrike             Air            37%        2d(6-22)  1%          4
e - Summon Lightning Spi  Summ/Air       55%        N/A       1%          4
f - Foxfire               Conj/Fire      88%        2x1d8     1%          1

Your spell library contained the following spells:

 Spells                   Type           Power      Damage    Failure   Level
 Poisonous Vapours        Pois/Air       100%       N/A       1%          2
 Slow                     Hex            36%        N/A       2%          1
 Confusing Touch          Hex            9%         N/A       9%          3
 Frozen Ramparts          Ice            18%        1d3       9%          3
 Vampiric Draining        Necr           9%         2d6       9%          3
 Summon Ice Beast         Ice/Summ       12%        N/A       19%         4
 Ice Form                 Ice/Tmut       9%         N/A       24%         4
 Maxwell's Capacitive Co  Air            37%        ∞         50%         8
 Storm Form               Tmut/Air       26%        N/A       75%         7


Dungeon Overview and Level Annotations

Branches:
Dungeon (10/15)            Temple (1/1) D:7            Lair (0/5) D:10
    Orc: D:9-12

Altars:
Ashenzari
Cheibriados
Dithmenos
Elyvilon
Fedhas
Gozag
Hepliaklqana
Kikubaaqudgha
Makhleb
Nemelex Xobeh
Okawaru
Qazlal
Sif Muna
Trog
Uskayaw
Vehumet
Wu Jian
Yredelemnul
Zin
The Shining One

Shops:
D:3 *   D:9 *

Annotations:
D:10 Snorg


Innate Abilities, Weirdness & Mutations

You have a beak for a mouth.
You have claws for feet.
Your magical nature lets you fly swiftly and evasively.


Message History

Confirm with . or Enter, or press ? or * to list all spells.
You conjure some foxfire!
Casting: Foxfire (safe; 1% risk of failure)
Confirm with . or Enter, or press ? or * to list all spells.
You conjure some foxfire!
The foxfire hits Snorg.
Snorg is lightly wounded.
The foxfire hits Snorg.
Snorg is lightly wounded.
Your lightning spire shoots out a bolt of lightning at Snorg!
The bolt of electricity hits Snorg!
Snorg goes berserk!
Unknown command.
Casting: Foxfire (safe; 1% risk of failure)
Confirm with . or Enter, or press ? or * to list all spells.
You conjure some foxfire!
The foxfire hits Snorg.
Snorg is moderately wounded.
The foxfire hits Snorg.
Snorg is moderately wounded.
The foxfire hits Snorg.
Snorg is moderately wounded.
Your lightning spire shoots out a bolt of lightning at Snorg!
The bolt of electricity hits Snorg!!
Your magical contamination has completely faded away.
Casting: Foxfire (safe; 1% risk of failure)
Confirm with . or Enter, or press ? or * to list all spells.
You conjure some foxfire!
The foxfire hits Snorg.
Snorg is moderately wounded.
Your lightning spire shoots out a bolt of lightning at Snorg!
The bolt of electricity misses Snorg.
Snorg bites you but does no damage. Snorg closely misses you. Snorg claws you!
Unknown command.
Casting: Foxfire (safe; 1% risk of failure)
Confirm with . or Enter, or press ? or * to list all spells.
You conjure some foxfire!
The foxfire hits Snorg.
Snorg is heavily wounded.
The foxfire hits Snorg.
Snorg is heavily wounded.
Snorg bites you! Snorg claws you! Snorg claws you!!
* * * LOW HITPOINT WARNING * * *
Snorg misses you. Snorg claws you!
You die...

#.## #.#####.#.# ##.#
#...#.....#
#..###..#..#..#
#.#.#.........#
.#########.#..###.#.#.##
...T....##.#.......>..#
#####.##.#..#####.###
#...8Tv...........#
#...#.@v#.#..#######
...#..§§...#..#
.#...#...###..#
#..#...... ...# ..
##.#.#####.# # ..#.# #.#
..##.. ..# ### ### ###


You could see Snorg (berserk, ally target) and a friendly lightning spire
(summoned).

Vanquished Creatures
  A two-headed ogre (D:9)
  The ghost of SirDiesAlot the Scorcher, a journeyman DEFE of Sif Muna (D:9)
  Pikel (D:6)
  4 yaks (D:8)
  Eustachio (D:6)
  A steam dragon (D:7)
  An acid dragon (D:9)
  2 water moccasins
  An orc warrior (D:7)
  3 sky beasts
  2 ice beasts (D:6)
  2 centaurs
  2 lemures (D:6)
  A phantom (D:7)
  2 kobold brigands
  3 bullfrogs
  3 gnoll sergeants
  3 scorpions
  11 wights
  2 killer bees (D:9)
  4 howler monkeys
  2 jellies
  An orc priest (D:4)
  7 hounds
  2 iguanas (D:6)
  3 orc wizards
  A mummy (D:9)
  11 adders
  14 gnolls
  A shadow imp (D:7)
  A white imp (D:5)
  An ufetubus (D:5)
  A worm (D:3)
  2 dart slugs
  15 orcs
  3 endoplasms
  4 giant cockroaches
  10 goblins
  6 hobgoblins
  14 kobolds
  4 quokkas
  8 ball pythons
  5 bats
  4 frilled lizards (D:1)
  9 rats
  A spectral hobgoblin (D:7)
181 creatures vanquished.

Vanquished Creatures (collateral kills)
  A yak (D:8)
  3 killer bees (D:9)
  A gnoll bouda (D:9)
  A gnoll (D:9)
6 creatures vanquished.

Vanquished Creatures (others)
  7 foxfires (D:10)
  5 plants (D:10)
12 creatures vanquished.

Grand Total: 199 creatures vanquished

Notes
Turn   | Place    | Note
-------+----------+-------------------------------------------
     0 | D:1      | greenreed the Tengu Air Elementalist began the quest for
                  | the Orb.
     0 | D:1      | Reached XP level 1. HP: 10/10 MP: 4/4
   189 | D:1      | Reached XP level 2. HP: 15/15 MP: 3/6
   725 | D:1      | Reached XP level 3. HP: 19/19 MP: 5/7
  1115 | D:2      | Reached skill level 5 in Air Magic
  1308 | D:2      | Found a faded altar of an unknown god.
  1807 | D:3      | Found Gozag's Platinum Reserve.
  1809 | D:3      | Found an opulent altar of Gozag.
  1843 | D:3      | You fall into a shaft and drop 2 floors!
  1843 | D:5      | Entered Level 5 of the Dungeon
  1851 | D:5      | Reached XP level 4. HP: 24/24 MP: 4/9
  2017 | D:5      | Learned a level 2 spell: Static Discharge
  2021 | D:5      | Learned a level 3 spell: Swiftness
  2086 | D:4      | Gained mutation: Your magical nature lets you fly swiftly
                  | and evasively. [Tengu growth]
  2086 | D:4      | Reached XP level 5. HP: 27/28 MP: 5/10
  2255 | D:4      | Reached skill level 6 in Air Magic
  2329 | D:4      | Reached XP level 6. HP: 32/32 MP: 7/12
  2578 | D:3      | Found a shadowy altar of Dithmenos.
  2746 | D:3      | Found a hide-covered altar of Uskayaw.
  3845 | D:5      | Reached skill level 7 in Air Magic
  3994 | D:5      | Reached XP level 7. HP: 30/36 MP: 6/15
  4135 | D:5      | Found a white marble altar of Elyvilon.
  4381 | D:6      | Noticed Pikel
  4505 | D:6      | Killed Pikel
  4506 | D:6      | Reached skill level 5 in Spellcasting
  4506 | D:6      | Reached skill level 8 in Air Magic
  4506 | D:6      | Reached XP level 8. HP: 22/41 MP: 10/17
  4626 | D:6      | Noticed Eustachio
  4798 | D:6      | Killed Eustachio
  4897 | D:6      | Reached skill level 5 in Conjurations
  4897 | D:6      | Reached skill level 9 in Air Magic
  5069 | D:6      | Learned a level 4 spell: Airstrike
  5089 | D:6      | Reached XP level 9. HP: 46/46 MP: 11/20
  6016 | D:7      | Reached skill level 10 in Air Magic
  6225 | D:7      | Found a staircase to the Ecumenical Temple.
  6317 | Temple   | Entered the Ecumenical Temple
  6517 | Temple   | Became a worshipper of Vehumet
  7112 | D:7      | Learned a level 4 spell: Summon Lightning Spire
  7169 | D:7      | Found a hazy altar of Hepliaklqana.
  7391 | D:8      | Reached skill level 11 in Air Magic
  7568 | D:8      | Reached * piety under Vehumet
  7568 | D:8      | Offered knowledge of Foxfire by Vehumet.
  7709 | D:8      | Reached XP level 10. HP: 51/51 MP: 11/24
  7982 | D:9      | Reached skill level 12 in Air Magic
  8134 | D:9      | Reached skill level 1 in Summonings
  8262 | D:9      | Found a glowing silver altar of Zin.
  8262 | D:9      | Found an ornate altar of the Wu Jian Council.
  8399 | D:9      | Found a runed translucent gate.
  8399 | D:9      | Found a runed translucent gate.
  8400 | D:9      | Found a runed translucent gate.
  8400 | D:9      | Noticed SirDiesAlot's ghost (journeyman DEFE)
  8411 | D:9      | Identified a scroll of acquirement
  8445 | D:9      | Acquired 1102 gold pieces
  8451 | D:9      | Learned a level 1 spell: Foxfire
  8598 | D:9      | Found a snail-covered altar of Cheibriados.
  8673 | D:9      | Reached ** piety under Vehumet
  8673 | D:9      | Offered knowledge of Poisonous Vapours by Vehumet.
  8674 | D:9      | Noticed a two-headed ogre
  8686 | D:9      | Killed a two-headed ogre
  8687 | D:9      | Reached skill level 13 in Air Magic
  8852 | D:9      | Found Juir's General Store.
  8861 | D:9      | Bought a ring of wizardry for 330 gold pieces
  8861 | D:9      | Bought the +2 leather armour "Plog" {rF- rN+++ Regen+} for
                  | 363 gold pieces
  9044 | D:9      | Killed SirDiesAlot's ghost
  9045 | D:9      | Reached skill level 10 in Spellcasting
  9104 | D:10     | Entered Level 10 of the Dungeon
  9158 | D:10     | Found a staircase to the Lair.
  9246 | D:10     | Identified the +1 ring mail of Tartarus {rElec rN++ Str+3
                  | Int-5}
  9271 | D:10     | Noticed Snorg
  9281 | D:10     | HP: 1/51 [Snorg (18)]
  9281 | D:10     | Demolished by Snorg

Illustrated notes

Levels and vault maps discovered:
D:1:      dpeg_arrival_boxes_within_box, layout_basic
D:2:      layout_basic, shapermc_ecumenical_altar_rom_forum, solitary_fountain,
          reono_crystal_passage
D:3:      layout_loops_ring, grunt_dithmenos_smoke_and_mirrors,
          mainiacjoe_overflow_concentric_impassable,
          nicolae_gozag_zags_fifth_avenue
D:4:      layout_rooms
D:5:      cheibrodos_quashed, layout_cave_pools, mainiacjoe_overflow_brackets,
          serial_column_ruins, column_ruins_hut_pillars, column_ruins_columns_T,
          column_ruins_grid_3, column_ruins_grid_1, column_ruins_grid_3,
          column_ruins_grid_4, minmay_misc_feat_room, minmay_misc_feat_plants
D:6:      layout_loops_ring, minmay_between, uniq_pikel, uniq_eustachio
D:7:      layout_cave_pools, nicolae_hepliaklqana_monster_ancestors,
          minmay_temple_entry_drinking_statues, kennysheep_minor_cross
D:8:      layout_cave_pools, serial_bayou_pond_e
D:9:      layout_basic, slow_altar_2, amethyst_overflow_temple_binary,
          serial_shops, shop, ebering_ghost_rock_garden
D:10:     layout_loops_ring, nicolae_ru_sacrificial_ziggurat, lemuel_tele_altar,
          dpeg_oklobed_lair, david_orc_5, uniq_snorg
Temple:   minmay_temple_forest_path

Skill      XL: |  1  2  3  4  5  6  7  8  9 10 |
---------------+-------------------------------+-----
Air Magic      | 5 6 7 8 9 11 13 | 13.5
Conjurations   | 2 3 4 5 6 |  6.8
Spellcasting   | 3 4 5 7 9 10 | 10.1
Stealth        | 3 |  3.3
Summonings     | 1 |  1.5
Fighting       | |  0.8
Armour         | |  0.3
Dodging        | |  2.9

Action                   |  1- 3 |  4- 6 |  7- 9 | 10-12 || total
-------------------------+-------+-------+-------+-------++-------
Melee: Unarmed           |     4 |       |       |       ||     4
       Kick              |     1 |       |       |     5 ||     6
       Staff             |       |       |       |     8 ||     8
       Peck              |       |       |       |     5 ||     5
       Punch             |       |       |       |     1 ||     1
 Cast: Shock             |    80 |   113 |   149 |    72 ||   414
       Static Discharge  |       |       |    19 |    14 ||    33
       Swiftness         |       |       |     1 |     1 ||     2
       Airstrike         |       |       |    32 |    17 ||    49
       Summon Lightning  |       |       |       |     6 ||     6
       Foxfire           |       |       |       |     5 ||     5
  Use: Scroll            |       |       |       |    16 ||    16
       Potion            |       |       |       |     3 ||     3
Armor: Robe              |       |     4 |     3 |       ||     7
       Leather armour    |       |       |       |     2 ||     2
Dodge: Dodged            |     9 |     5 |    36 |    25 ||    75

Table legend: (Time is in decaauts)
 A = Elapsed time spent in this place.
 B = Non-inter-level travel time spent in this place.
 C = Inter-level travel time spent in this place.
 D = Time resting spent in this place.
 E = Time spent auto-exploring this place.
 F = Levels seen in this place.
 G = Mean time per level.
                   A        B        C        D        E       F      G
               +--------+--------+--------+--------+--------+-----+--------+
         Total |   8878 |   8623 |    255 |    481 |   7049 |  11 |  807.1 |
       Dungeon |   8481 |   8270 |    211 |    481 |   6710 |  10 |  848.1 |
        Temple |    396 |    352 |     44 |      0 |    339 |   1 |  396.0 |
               +--------+--------+--------+--------+--------+-----+--------+

Top non-repeatable levels by time:
     D:6: 1188 daAuts
     D:1: 1108 daAuts
     D:5: 1099 daAuts
     D:9: 1074 daAuts
     D:7: 1027 daAuts
     D:3: 848 daAuts
     D:4: 761 daAuts
     D:8: 607 daAuts
     D:2: 599 daAuts
  Temple: 396 daAuts
    D:10: 165 daAuts
